 Dungeon Sprint DCSS version 0.21.1-1-g345015f (webtiles) character file.

1871 Fang the Fighter (level 8, -2/85 HPs)
             Began as a Minotaur Berserker on Apr 27, 2018.
             Was a High Priest of Trog.
             Slain by a draconian
             ... wielding an uncursed staff of poison
              (4 damage)
             ... in the Dungeon (Sprint V: "Ziggurat Sprint").
             The game lasted 00:02:57 (344 turns).

Fang the Fighter (Minotaur Berserker)                Turns: 344, Time: 00:02:58

Health: -2/85      AC: 18    Str: 29    XL:     8   Next: 90%
Magic:  7/7        EV: 12    Int:  4    God:    Trog [*****.]
Gold:   0          SH:  0    Dex: 11    Spells: 7/7 levels left

rFire    . . .     SeeInvis .   l - +5 demon trident
rCold    . . .     Gourm    .   (no shield)
rNeg     . . .     Faith    .   j - +5 shadow dragon scales
rPois    .         Spirit   .   (helmet restricted)
rElec    .         Reflect  .   (no cloak)
rCorr    .         Harm     .   (no gloves)
MR       .....     NoTele   +   (no boots)
Stlth    +++.......             (no amulet)
HPRegen  0.24/turn              G - ring of flight
MPRegen  0.10/turn              F - +6 ring of strength

@: lethally poisoned (-2 -> -72), berserk cooldown, slowed, very slow
A: retaliatory headbutt, horns 2
a: Berserk, Trog's Hand, Brothers in Arms, Burn Spellbooks, Renounce Religion,
Evoke Flight


You were in the Dungeon.
You worshipped Trog.
Trog was extremely pleased with you.
You were very hungry.

You visited 1 branch

Inventory:

Hand Weapons
 k - a +5 executioner's axe
 l - a +5 demon trident (weapon)
Armour
 j - +5 shadow dragon scales (worn)
Jewellery
 F - a +6 ring of strength (right hand)
 G - a ring of flight (left hand)
Wands
 x - a wand of disintegration (7)
 y - a wand of iceblast (7)
 z - a wand of acid (7)
Scrolls
 i - 4 scrolls of blinking
 m - 7 scrolls of fog
 n - a scroll of holy word
 o - 5 scrolls of identify
 p - 5 scrolls of remove curse
 q - 2 scrolls of fear
Potions
 d - 10 potions of curing
 e - 10 potions of heal wounds
 f - 10 potions of haste
 g - 7 potions of magic
 h - 3 potions of berserk rage
 r - 2 potions of brilliance
 s - 2 potions of invisibility
 t - 4 potions of resistance
 v - 5 potions of agility
 w - 5 potions of might
Miscellaneous
 b - a sack of spiders
Comestibles
 a - 4 chunks of flesh
 c - 7 rations


   Skills:
 + Level 12.5 Fighting
 + Level 12.1(13.3) Axes
 + Level 9.7(12.2) Polearms
 + Level 7.0 Armour
 + Level 6.8 Dodging
 + Level 3.1 Stealth


You had 7 spell levels left.
You didn't know any spells.

Dungeon Overview and Level Annotations

Branches:
Dungeon (1/1)

Altars:
Ashenzari
Cheibriados
Dithmenos
Elyvilon
Fedhas
Gozag
Hepliaklqana
Kikubaaqudgha
Makhleb
Nemelex Xobeh
Okawaru
Qazlal
Ru
Sif Muna
Trog
Uskayaw
Vehumet
Wu Jian
Xom
Yredelemnul
Zin
The Shining One
Beogh
Jiyva
Lugonu

Annotations:
D 1 transporter


Innate Abilities, Weirdness & Mutations

You reflexively headbutt those who attack you in melee.
You have a pair of horns on your head.


Message History

The draconian closely misses you.
The green draconian hits you but does no damage.
You are more poisoned.
The green draconian tail-slaps you but does no damage.
The draconian hits you from afar with the +2 halberd of Gluttony {venom, rElec rN+ Int-2 Dex+2}.
* * * LOW HITPOINT WARNING * * *
You are more poisoned.
You feel more experienced!
Your base Axes skill increases to level 12!
Your Dodging skill increases to level 6!
Your Stealth skill gained 2 levels and is now at level 3!
You have reached level 8!
You feel agile.
* * * LOW HITPOINT WARNING * * *
You feel extremely sick. The draconian closely misses you.
You furiously retaliate!
You headbutt the draconian, but do no damage.
The draconian hits you but does no damage.
The draconian hits you with an uncursed staff of poison.
You die...

▓▓▓▓▓▓▓▓▓▓▓▓▓▓▓▓▓▓▓
▓..8©8..▓ ▓...})..▓
▓..))}..▓ ▓.......▓
▓.......▓ ▓d......▓
▓dd.....▓ ▓@d.....▓
▓dd.©...▓ ▓▓▓▓▓▓▓▓▓


You could see a green draconian and 5 draconians.

Vanquished Creatures
  An ancient zyme (D)
  A tarantella (D)
  2 hell hounds (D)
  A wolf (D)
  3 scorpions (D)
  2 quasits (D)
  An orc priest (D)
  An orc wizard (D)
  A river rat (D)
  2 shadow imps (D)
  An adder zombie (D)
  A bat zombie (D)
  A jackal (D)
18 creatures vanquished.

Notes
Turn   | Place    | Note
-------+----------+-------------------------------------------
     0 | D        | Found the +6 Majin-Bo {vamp, Archmagi MP+6 Int+6}
     0 | D        | Found the +7 great mace "Firestarter" {inner flame, rF++}
     0 | D        | Fang the Minotaur Berserker began the quest for the Orb.
     0 | D        | Reached XP level 1. HP: 19/19 MP: 0/0
     9 | D        | Found a blossoming altar of Fedhas.
    10 | D        | Found a viscous altar of Jiyva.
    10 | D        | Found a hazy altar of Hepliaklqana.
    10 | D        | Found a transporter.
    10 | D        | Found an opulent altar of Gozag.
    10 | D        | Found an ancient bone altar of Kikubaaqudgha.
    10 | D        | Found a corrupted altar of Lugonu.
    16 | D        | Found a burning altar of Makhleb.
    17 | D        | Found a stormy altar of Qazlal.
    17 | D        | Found a sacrificial altar of Ru.
    17 | D        | Found an iron altar of Okawaru.
    17 | D        | Found a deep blue altar of Sif Muna.
    17 | D        | Found a sparkling altar of Nemelex Xobeh.
    17 | D        | Found a bloodstained altar of Trog.
    81 | D        | Entered arena 2.
    81 | D        | Noticed an orc wizard
    81 | D        | Noticed an orc priest
    81 | D        | Found a transporter.
    84 | D        | Killed an orc wizard
    84 | D        | Reached skill level 5 in Fighting
    84 | D        | Reached skill level 5 in Axes
    84 | D        | Reached XP level 2. HP: 30/30 MP: 1/1
    85 | D        | Reached ** piety under Trog
    85 | D        | Reached skill level 1 in Polearms
    85 | D        | Reached XP level 3. HP: 38/38 MP: 2/2
   127 | D        | Entered arena 3.
   127 | D        | Noticed a wolf
   127 | D        | Found a transporter.
   134 | D        | Killed a wolf
   134 | D        | Reached XP level 4. HP: 40/48 MP: 3/3
   134 | D        | Reached XP level 5. HP: 44/53 MP: 4/4
   182 | D        | Entered arena 4.
   182 | D        | Noticed a tarantella
   182 | D        | Found a transporter.
   185 | D        | Reached *** piety under Trog
   187 | D        | Reached skill level 5 in Armour
   189 | D        | Reached skill level 5 in Polearms
   189 | D        | Reached XP level 6. HP: 66/66 MP: 5/5
   194 | D        | Killed a tarantella
   194 | D        | Reached skill level 10 in Fighting
   194 | D        | Reached skill level 10 in Axes
   194 | D        | Reached skill level 5 in Dodging
   213 | D        | Entered arena 5.
   213 | D        | Noticed an ancient zyme
   213 | D        | Found a transporter.
   215 | D        | Reached **** piety under Trog
   221 | D        | Killed an ancient zyme
   221 | D        | Reached skill level 1 in Stealth
   221 | D        | Reached XP level 7. HP: 74/74 MP: 6/6
   268 | D        | Entered arena 6.
   268 | D        | Found a transporter.
   270 | D        | Reached ***** piety under Trog
   286 | D        | Received a gift from Trog
   330 | D        | Entered arena 7.
   330 | D        | Noticed a draconian
   330 | D        | Noticed a draconian
   330 | D        | Noticed a draconian
   330 | D        | Noticed a draconian
   330 | D        | Noticed a green draconian
   330 | D        | Noticed a draconian
   332 | D        | Found a transporter.
   344 | D        | Reached XP level 8. HP: 11/85 MP: 7/7
   344 | D        | HP: 2/85 [poisoned by a draconian]
   344 | D        | Slain by a draconian

Skill      XL: |  1  2  3  4  5  6  7 |
---------------+----------------------+-----
Fighting       | 5 6 8 9 11 12 | 12.5
Axes           | 5 6 8 9 11 12 | 12.1
Armour         | 3 4 5 6 7 |  7.0
Dodging        | 3 4 5 6 |  6.8
Polearms       | 1 2 5 7 9 |  9.7
Stealth        | 1 3 |  3.1

Action                   |  1- 3 |  4- 6 |  7- 9 || total
-------------------------+-------+-------+-------++-------
Melee: Demon trident     |     9 |    20 |    18 ||    47
       Headbutt          |       |     3 |     7 ||    10
Invok: Berserk           |     1 |     1 |     1 ||     3
       Burn Spellbooks   |       |       |     1 ||     1
  Use: Potion            |       |       |     1 ||     1
 Stab: Sleeping          |       |     1 |       ||     1
Armor: Shadow dragon sca |     7 |     9 |    29 ||    45
Dodge: Dodged            |     2 |    11 |    19 ||    32
